Map: Dusk Towers

Players

capac - Winner!

  • Race: Terran Terran
  • League: Gold

A.I. 1 (Elite)

  • Race: Protoss Protoss

VOD

Have the link to the VOD?

Description

Time

  • Played on: March 15, 2016, 2:02 p.m.
  • Length: 11:50
Show
View Real Time Build Order
Export as new Build Order

capac Terran - Winner!

Build Orders: MMM Bio 

Get SALT Encoding   

  12  0:01  SCV  
  13  0:14  SCV  
  13  0:19  Supply Depot  
  14  0:26  SCV  
  15  0:40  SCV  
  15  0:42  Barracks  
  16  0:45  Refinery  
  16  0:52  SCV  
  17  1:04  SCV  
  18  1:17  SCV  
  19  1:29  SCV  
  20  1:34  Reaper  
  20  1:39  Command Center  
  21  1:41  SCV  
  22  1:55  Supply Depot  
  22  2:06  Barracks  
  23  2:09  Orbital Command  
  23  2:11  Barracks Reactor  
  22  2:29  Factory  
  22  2:32  Refinery  
  22  2:46  SCV  
  23  3:03  SCV  
  23  3:04  Orbital Command  
  24  3:06  Marine x2  
  24  3:11  Barracks Reactor  
  26  3:15  Barracks Tech Lab  
  26  3:19  Factory Tech Lab  
  26  3:22  Starport  
  26  3:25  Barracks  
  26  3:28  Factory Reactor  
  26  3:32  Refinery, SCV x2  
  28  3:37  Marine x3  
  31  3:46  SCV x2  
  33  3:56  Marine  
  33  3:57  Marine x2  
  36  4:05  SCV x2  
  38  4:16  Barracks Reactor  
  38  4:20  Barracks, Marine, SCV x2  
  38  4:21  Marine x2  
  43  4:25  Supply Depot  
  43  4:30  Medivac  
  45  4:39  Factory Reactor, Medivac  
  45  4:41  SCV x2  
  45  4:42  Marine x3  
  52  4:49  Stimpack  
  52  4:52  Marine x2  
  53  4:55  Supply Depot  
  53  4:56  SCV x2  
  53  4:59  Refinery  
  56  5:08  SCV x2  
  58  5:20  Supply Depot  
  58  5:26  Medivac  
  58  5:27  Medivac  
  62  5:36  Command Center  
  62  5:38  SCV x2  
  62  5:40  Marine x2  
  62  5:41  Marine x2  
  68  5:45  Supply Depot  
  68  6:01  Marine x5  
  68  6:02  Factory Tech Lab  
  68  6:03  Medivac x2  
  77  6:07  Supply Depot  
  61  6:21  Siege Tank  
  61  6:22  Marine x3  
  61  6:23  Marine x2  
  69  6:27  SCV  
  69  6:28  SCV  
  69  6:29  Supply Depot  
  71  6:39  Marine x2  
  73  6:40  Marine  
  73  6:41  Marine x2  
  73  6:42  Marine  
  73  6:45  SCV  
  73  6:47  SCV  
  79  6:49  Combat Shields  
  79  6:52  Supply Depot  
  79  6:54  Liberator  
  79  6:55  Liberator  
  79  6:59  Siege Tank  
  82  7:09  Marine x5  
  82  7:10  Marine  
  94  7:17  Supply Depot  
  94  7:22  Marine  
  95  7:27  Marine x6  
  95  7:28  SCV x2  
  103  7:30  Orbital Command  
  103  7:31  Siege Tank  
  106  7:44  Marine  
  106  7:45  Marine x2  
  106  7:48  SCV x2  
  111  7:52  Supply Depot  
  111  7:54  Supply Depot  
  111  7:59  Liberator x2  
  111  8:00  SCV x2  
  113  8:09  Marine x6  
  113  8:11  Marauder  
  121  8:13  Siege Tank  
  121  8:19  Supply Depot  
  130  8:20  Supply Depot, SCV x2  
  130  8:21  SCV  
  133  8:34  Marine x3  
  133  8:35  Marine x3  
  139  8:45  Siege Tank  
  138  9:10  Liberator x2  
  125  9:24  Marine x2  
  125  9:25  Marine x4  
  125  9:26  Siege Tank  
  127  10:00  Marine x5  
  127  10:01  Marine x2  
  133  10:28  Marine x4  
  134  10:29  Marine x2  
  139  10:58  Marine x6  
  139  10:59  Marine  
Show
View Real Time Build Order
Export as new Build Order

A.I. 1 (Elite) Protoss 

Build Orders: Zealot Archon, Colossus Rush 

Get SALT Encoding   

  12  0:01  Probe (Chrono Boost)  
  13  0:11  Probe (Chrono Boost)  
  14  0:20  Pylon  
  14  0:22  Probe (Chrono Boost)  
  15  0:38  Probe (Chrono Boost)  
  16  0:47  Assimilator  
  16  0:49  Probe (Chrono Boost)  
  17  0:50  Gateway  
  17  1:00  Probe (Chrono Boost), Pylon  
  18  1:10  Probe (Chrono Boost)  
  19  1:21  Probe (Chrono Boost)  
  20  1:31  Probe (Chrono Boost)  
  21  1:36  Gateway  
  21  1:37  Zealot  
  23  1:42  Cybernetics Core  
  23  1:43  Probe (Chrono Boost)  
  24  1:49  Pylon  
  25  1:54  Probe (Chrono Boost)  
  25  2:03  Zealot  
  25  2:05  Probe (Chrono Boost)  
  28  2:12  Warp Gate  
  28  2:13  Assimilator  
  28  2:17  Probe (Chrono Boost)  
  28  2:23  Adept  
  28  2:29  Probe (Chrono Boost), Adept  
  33  2:40  Pylon  
  33  2:41  Probe (Chrono Boost)  
  34  2:50  Adept  
  36  2:53  Probe (Chrono Boost)  
  36  2:57  Sentry  
  39  3:04  Probe (Chrono Boost)  
  40  3:16  Probe (Chrono Boost)  
  41  3:21  Nexus  
  42  3:27  Stalker  
  42  3:28  Probe (Chrono Boost)  
  44  3:39  Probe (Chrono Boost)  
  45  3:48  Robotics Facility  
  45  3:51  Probe (Chrono Boost)  
  46  4:02  Probe (Chrono Boost)  
  47  4:04  Pylon  
  47  4:22  Adept  
  47  4:24  Probe (Chrono Boost)  
  50  4:29  Adept  
  52  4:33  Probe (Chrono Boost)  
  52  4:35  Probe (Chrono Boost)  
  54  4:42  Adept  
  54  4:44  Probe (Chrono Boost)  
  58  4:46  Probe (Chrono Boost)  
  58  4:51  Robotics Bay  
  58  4:52  Observer  
  58  4:56  Probe (Chrono Boost)  
  58  4:57  Probe (Chrono Boost)  
  61  5:04  Robotics Facility  
  62  5:07  Probe (Chrono Boost)  
  62  5:08  Probe (Chrono Boost)  
  62  5:11  Stalker  
  62  5:12  Pylon  
  65  5:17  Stalker  
  65  5:18  Probe (Chrono Boost)  
  68  5:23  Probe (Chrono Boost)  
  68  5:25  Pylon  
  69  5:30  Probe (Chrono Boost)  
  70  5:36  Colossus  
  76  5:44  Stalker  
  76  5:45  Probe (Chrono Boost), Assimilator  
  75  6:02  Twilight Council  
  69  6:04  Pylon  
  69  6:05  Probe (Chrono Boost)  
  71  6:16  Probe (Chrono Boost)  
  71  6:27  Nexus  
  71  6:28  Probe (Chrono Boost)  
  71  6:31  Pylon  
  72  6:34  Assimilator  
  72  6:39  Probe (Chrono Boost)  
  73  6:42  Templar Archives  
  73  6:44  Gateway  
  73  6:49  Probe (Chrono Boost)  
  74  6:58  Zealot  
  74  7:01  Probe (Chrono Boost)  
  77  7:02  Pylon  
  77  7:12  Probe (Chrono Boost)  
  78  7:21  High Templar  
  81  7:24  Probe (Chrono Boost), Stalker  
  81  7:28  Pylon  
  83  7:36  Probe (Chrono Boost)  
  84  7:45  High Templar  
  86  7:52  Stalker  
  86  7:57  Archon, Stalker  
  90  8:13  High Templar  
  90  8:15  Forge  
  90  8:19  Forge  
  92  8:22  Nexus  
  92  8:26  High Templar  
  94  8:30  Stalker  
  96  8:40  Archon  
  96  8:42  Sentry  
  98  8:53  High Templar  
  100  9:03  Pylon  
  100  9:05  Zealot  
  100  9:07  Zealot  
  70  9:17  Gateway  
  70  9:22  High Templar  
  66  9:24  Stalker  
  66  9:25  Zealot  
  68  9:34  Probe x2 (Chrono Boost)  
  60  9:45  Probe (Chrono Boost), Stalker, Adept  
  53  9:46  Probe (Chrono Boost)  
  46  9:52  High Templar  
  46  9:57  Probe x2 (Chrono Boost)  
  46  9:58  Archon  
  40  10:03  Stalker  
  36  10:07  Zealot  
  36  10:08  Probe x2 (Chrono Boost)  
  36  10:11  Stalker  
  39  10:23  Zealot  
  39  10:25  High Templar  
  39  10:26  Zealot  
  43  10:32  Adept  
  43  10:43  Zealot  
  38  10:59  Pylon  
  29  11:12  Zealot  
Tags
 
Add a new tag
Caveats
  • Supply blocks, unpowered buildings, or Contaminate may cause inaccurate times.
  • Supply counts are checked every 10 seconds.